Stars vs Bruins
(R1)
Created - January 6, 2023 at 22:10
Goals
|
| Stars |
0 |
3 |
2 |
5 |
| Bruins |
0 |
2 |
1 |
3 |
|
Shots
|
| Stars |
6 |
14 |
19 |
39 |
| Bruins |
4 |
16 |
5 |
25 |
|
1st period
No Goal
Penalties :
Matt Read (Bos) for Hooking (Minor) at 2:44
2nd period
1. Stars , Jonathan Drouin 4 (Tyler Wotherspoon 2) at 1:37
2. Stars , Evgeny Grachev 2 (Alex Chiasson 8) at 3:55
3. Bruins , Mikael Backlund 4 (Torey Krug 7, Andreas Athanasiou 1) at 10:53
4. Stars , Evgeny Grachev 3 (Alex Chiasson 9, Andrew Ladd 6) at 15:20
5. Bruins , Jonathan Toews 8 (Zack Kassian 15) at 19:21
Penalties :
Torey Krug (Bos) for Interference (Minor) at 8:05, Guillaume Latendresse (Dal) for Tripping (Minor) at 15:44
3rd period
6. Stars , Michael Grabner 15 (John Tavares 19, Guillaume Latendresse 15) at 12:54 (PP)
7. Bruins , Wojtek Wolski 9 (Zack Kassian 16, Jonathan Toews 14) at 13:51
8. Stars , Andrew Ladd 9 (Alex Chiasson 10, Evgeny Grachev 11) at 17:19 (PP)
Penalties :
Brian Lee (Dal) for Tripping (Minor) at 0:03, Boris Valabik (Dal) for Hooking (Minor) at 7:17, Mikael Backlund (Bos) for Interference (Minor) at 9:59, Adam Pelech (Bos) for Roughing (Minor) at 12:26, Matt Read (Bos) for Hooking (Minor) at 16:42
Goalie Stats
Matt Murray (Dal), 22 saves from 25 shots - (0.880), W, 14-6-2, 60:00 minutes
Kevin Poulin (Bos), 34 saves from 39 shots - (0.872), L, 13-9-3, 60:00 minutes
Players Stats for Stars
Player Name G A P +/- PIM S H SB GA TA FO MP PP MP PK MP
------------------------------------------------------------------------------------
Alex Chiasson 0 3 3 2 0 2 2 0 0 0 0/0 18:04 2:47 1:35
Andrej Sustr 0 0 0 -1 0 1 2 0 0 1 0/0 19:32 0:00 2:29
Andrew Ladd 1 1 2 2 0 3 4 1 0 0 1/1 17:58 2:47 1:02
Boris Valabik 0 0 0 0 2 1 2 2 0 3 0/0 26:32 4:48 2:24
Brian Lee 0 0 0 0 2 2 1 2 1 0 0/0 29:04 4:48 2:12
Cam Atkinson 0 0 0 0 0 2 1 0 0 0 0/1 10:35 0:00 0:00
Cory Emmerton 0 0 0 0 0 1 1 0 0 1 2/3 8:22 0:00 1:34
Evgeny Grachev 2 1 3 2 0 6 0 0 1 0 9/15 16:30 2:47 0:15
Evgeny Kuznetsov 0 0 0 0 0 1 0 0 0 0 3/4 10:35 0:00 0:00
Guillaume Latendresse 0 1 1 -2 2 3 2 2 0 0 1/3 20:51 4:15 1:02
John Tavares 0 1 1 -2 0 5 1 0 0 1 14/37 23:40 4:15 3:15
Jonathan Drouin 1 0 1 0 0 2 0 0 0 0 0/0 6:23 0:00 0:00
Michael Grabner 1 0 1 -2 0 5 4 1 0 0 1/1 23:01 4:15 3:11
Paul Ladue 0 0 0 1 0 0 1 0 0 0 0/0 11:29 1:37 0:57
Scott Kosmachuck 0 0 0 0 0 1 1 0 0 0 0/0 6:42 0:00 0:00
Tobias Rieder 0 0 0 0 0 1 2 0 0 0 1/1 10:54 0:00 0:00
Tyler Wotherspoon 0 1 1 1 0 2 0 0 1 0 0/0 13:44 0:37 1:16
Tyson Barrie 0 0 0 -1 0 1 2 0 1 1 0/0 20:04 2:14 2:36
Players Stats for Bruins
Player Name G A P +/- PIM S H SB GA TA FO MP PP MP PK MP
------------------------------------------------------------------------------------
Adam Pelech 0 0 0 0 2 1 1 1 0 2 0/0 12:37 0:00 0:58
Alex Petrovic 0 0 0 1 0 0 1 1 0 0 0/0 12:01 0:00 0:00
Andreas Athanasiou 0 1 1 1 0 2 1 0 0 0 1/1 8:38 0:10 0:00
Brendan Smith 0 0 0 0 0 0 0 4 0 0 0/0 28:27 3:29 4:02
Casey Cizikas 0 0 0 0 0 0 0 0 0 0 3/6 11:45 0:10 0:13
Gabriel Landeskog 0 0 0 -1 0 1 2 1 2 0 2/4 17:06 2:36 2:38
Jason Demers 0 0 0 0 0 2 2 2 1 2 0/0 28:33 3:29 4:02
Jonathan Toews 1 1 2 0 0 4 1 1 2 0 19/31 20:56 3:11 1:43
Josh Manson 0 0 0 -1 0 1 1 0 0 0 0/0 19:24 2:28 3:00
Kevin Hayes 0 0 0 -1 0 2 3 0 0 0 4/8 13:59 2:36 0:00
Matt Read 0 0 0 0 4 1 1 0 0 0 0/0 10:29 0:00 0:00
Mikael Backlund 1 0 1 1 2 4 2 1 0 0 1/2 9:27 0:00 0:47
Taylor Beck 0 0 0 1 0 1 0 0 1 0 0/1 8:18 0:00 0:05
Torey Krug 0 1 1 0 2 0 1 1 0 0 0/0 19:06 2:28 2:02
Victor Oreskovich 0 0 0 -1 0 1 0 0 0 0 0/0 13:59 2:36 0:00
Wojtek Wolski 1 0 1 0 0 3 2 1 0 0 0/2 23:32 3:11 4:19
Zach Parise 0 0 0 0 0 0 2 0 0 0 0/0 11:04 0:10 0:00
Zack Kassian 0 2 2 0 0 2 2 0 1 0 4/11 23:32 3:11 4:19
3 Stars
1 - Evgeny Grachev (Dal)
2 - Andrew Ladd (Dal)
3 - Alex Chiasson (Dal)
Power Play
Stars - 2 on 5 Attempt(s) - 40.00%
Bruins - 0 on 3 Attempt(s) - 0.00%
Penalty Kill
Stars - 3 on 3 Attempt(s) - 100.00%
- Score 0 goal in Penalty Kill
Bruins - 3 on 5 Attempt(s) - 60.00%
- Score 0 goal in Penalty Kill
Team Stat
Stars - Hits : 26 - Faceoff Wins : 32 - Blocked Shots : 8 - Penalty Minutes : 6
Bruins - Hits : 22 - Faceoff Wins : 34 - Blocked Shots : 13 - Penalty Minutes : 10
Official
Referees : Corey Syvret and Brandon Schrader
Linesman : Matt MacPherson and Andrew Smith
Game Notes
Paul Ladue is injured at 19:15 of 2nd period (Bruised Left Foot)
Finance
Level 1 -- Attendance: 6000 (100.00%) -- Ticket Income $600,000
Level 2 -- Attendance: 5000 (100.00%) -- Ticket Income $300,000
Level 3 -- Attendance: 1921 (96.05%) -- Ticket Income $67,235
Level 4 -- Attendance: 3594 (89.85%) -- Ticket Income $89,850
Luxury Box -- Attendance: 935 (93.50%) -- Ticket Income $187,000
Game was played at the TD Garden.
Total Attendance: 17450 (96.94%)
Total Ticket Income: $1,244,085
Other Income: $186,613
Total Income: $1,430,698
Stars
5 vs 5 Forward
Center Left Wing Right Wing Time % Phy DF OF
1 John Tavares Guillaume Latendresse Michael Grabner 40 1 2 2
2 Evgeny Grachev Andrew Ladd Alex Chiasson 30 1 2 2
3 Evgeny Kuznetsov Tobias Rieder Cam Atkinson 20 1 2 2
4 Cory Emmerton Jonathan Drouin Scott Kosmachuck 10 1 2 2
5 vs 5 Defense
Defense Defense Time % Phy DF OF
1 Boris Valabik Brian Lee 40 1 2 2
2 Andrej Sustr Tyson Barrie 30 1 2 2
3 Tyler Wotherspoon Paul Ladue 20 1 2 2
4 Paul Ladue Brian Lee 10 1 2 2
PowerPlay Forward
Center Left Wing Right Wing Time % Phy DF OF
1 John Tavares Guillaume Latendresse Michael Grabner 60 0 2 3
2 Evgeny Grachev Andrew Ladd Alex Chiasson 40 0 2 3
PowerPlay Defense
Defense Defense Time % Phy DF OF
1 Boris Valabik Brian Lee 60 1 2 2
2 Paul Ladue Tyson Barrie 40 1 2 2
Penalty Kill 4 Players Forward
Center Wing Time % Phy DF OF
1 John Tavares Michael Grabner 60 1 2 2
2 Guillaume Latendresse Alex Chiasson 40 1 2 2
Penalty Kill 4 Players Defense
Defense Defense Time % Phy DF OF
1 Boris Valabik Brian Lee 60 0 3 2
2 Paul Ladue Tyson Barrie 40 0 3 2
Penalty Kill - 3 Players Forward
Forward Time % Phy DF OF
1 John Tavares 60 1 2 2
2 Michael Grabner 40 1 2 2
Penalty Kill - 3 Players Defense
Defense Defense Time % Phy DF OF
1 Boris Valabik Brian Lee 60 0 3 2
2 Paul Ladue Tyson Barrie 40 0 3 2
4 vs 4 Forward
Center Wing Time % Phy DF OF
1 John Tavares Michael Grabner 60 0 2 3
2 Guillaume Latendresse Alex Chiasson 40 0 2 3
4 vs 4 Defense
Defense Defense Time % Phy DF OF
1 Boris Valabik Brian Lee 60 1 2 2
2 Paul Ladue Tyson Barrie 40 1 2 2
Last Minutes Offensive
Center Left Wing Right Wing Defense Defense
John Tavares Guillaume Latendresse Michael Grabner Boris Valabik Brian Lee
Last Minutes Defensive
Center Left Wing Right Wing Defense Defense
John Tavares Guillaume Latendresse Michael Grabner Boris Valabik Brian Lee
Goaltenders
Starting : Matt Murray
Backup : Jhonas Enroth
Extra Forwards
Normal : Scott Kosmachuck, Tobias Rieder, Cory Emmerton - PP : Scott Kosmachuck, Tobias Rieder - PK : Cory Emmerton
Extra Defensemen
Normal : Tyler Wotherspoon, Paul Ladue, Andrej Sustr - PP : Tyler Wotherspoon - PK : Paul Ladue, Andrej Sustr
Penalty Shots
John Tavares, Michael Grabner, Guillaume Latendresse, Alex Chiasson, Andrew Ladd
Scratches
Tyler Brenner (Healthy)
Bruins
5 vs 5 Forward
Center Left Wing Right Wing Time % Phy DF OF
1 Jonathan Toews Wojtek Wolski Zack Kassian 40 1 2 2
2 Kevin Hayes Gabriel Landeskog Victor Oreskovich 30 1 2 2
3 Casey Cizikas Zach Parise Matt Read 20 1 2 2
4 Mikael Backlund Taylor Beck Andreas Athanasiou 10 1 2 2
5 vs 5 Defense
Defense Defense Time % Phy DF OF
1 Jason Demers Brendan Smith 40 1 2 2
2 Torey Krug Josh Manson 30 1 2 2
3 Alex Petrovic Adam Pelech 20 1 2 2
4 Jason Demers Brendan Smith 10 1 2 2
PowerPlay Forward
Center Left Wing Right Wing Time % Phy DF OF
1 Jonathan Toews Wojtek Wolski Zack Kassian 60 1 2 2
2 Kevin Hayes Gabriel Landeskog Victor Oreskovich 40 1 2 2
PowerPlay Defense
Defense Defense Time % Phy DF OF
1 Jason Demers Brendan Smith 60 1 2 2
2 Torey Krug Josh Manson 40 1 2 2
Penalty Kill 4 Players Forward
Center Wing Time % Phy DF OF
1 Zack Kassian Wojtek Wolski 60 1 2 2
2 Gabriel Landeskog Jonathan Toews 40 1 2 2
Penalty Kill 4 Players Defense
Defense Defense Time % Phy DF OF
1 Jason Demers Brendan Smith 60 1 2 2
2 Torey Krug Josh Manson 40 1 2 2
Penalty Kill - 3 Players Forward
Forward Time % Phy DF OF
1 Zack Kassian 60 1 2 2
2 Wojtek Wolski 40 1 2 2
Penalty Kill - 3 Players Defense
Defense Defense Time % Phy DF OF
1 Jason Demers Brendan Smith 60 1 2 2
2 Torey Krug Josh Manson 40 1 2 2
4 vs 4 Forward
Center Wing Time % Phy DF OF
1 Zack Kassian Wojtek Wolski 60 1 2 2
2 Gabriel Landeskog Jonathan Toews 40 1 2 2
4 vs 4 Defense
Defense Defense Time % Phy DF OF
1 Jason Demers Brendan Smith 60 1 2 2
2 Torey Krug Josh Manson 40 1 2 2
Last Minutes Offensive
Center Left Wing Right Wing Defense Defense
Jonathan Toews Wojtek Wolski Zack Kassian Jason Demers Brendan Smith
Last Minutes Defensive
Center Left Wing Right Wing Defense Defense
Jonathan Toews Wojtek Wolski Zack Kassian Jason Demers Brendan Smith
Goaltenders
Starting : Kevin Poulin
Backup : Keith Kinkaid
Extra Forwards
Normal : Zach Parise, Casey Cizikas, Mikael Backlund - PP : Zach Parise, Casey Cizikas - PK : Mikael Backlund
Extra Defensemen
Normal : Alex Petrovic, Adam Pelech, Torey Krug - PP : Alex Petrovic - PK : Adam Pelech, Torey Krug
Penalty Shots
Zack Kassian, Wojtek Wolski, Gabriel Landeskog, Jonathan Toews, Zach Parise
Scratches
Madison Bowey (Healthy)
% Time on Ice - Stars
Lines # - Real PCT - Wanted PCT - Time Play
Normal Forward
1 - 35% - 40% - 16:35
2 - 29% - 30% - 13:28
3 - 23% - 20% - 10:35
4 - 14% - 10% - 6:23
Normal Defense
1 - 41% - 40% - 19:24
2 - 32% - 30% - 14:50
3 - 19% - 20% - 9:00
4 - 8% - 10% - 3:47
PP Forward
1 - 60% - 60% - 4:15
2 - 40% - 40% - 2:47
PP Defense
1 - 68% - 60% - 4:48
2 - 32% - 40% - 2:14
PK Forward
1 - 73% - 60% - 4:22
2 - 27% - 40% - 1:35
PK Defense
1 - 59% - 60% - 3:29
2 - 41% - 40% - 2:28
PK3 Forward
1 - 0% - 60%
2 - 0% - 40%
PK3 Defense
1 - 0% - 60%
2 - 0% - 40%
44 Forward
1 - 0% - 60%
2 - 0% - 40%
44 Defense
1 - 0% - 60%
2 - 0% - 40%
Last Minute Offensive - 0:00
Last Minute Defensive - 0:00
Total
Forward - 60:00
Defense - 60:00
|
% Time on Ice - Bruins
Lines # - Real PCT - Wanted PCT - Time Play
Normal Forward
1 - 38% - 40% - 17:48
2 - 24% - 30% - 11:23
3 - 22% - 20% - 10:09
4 - 16% - 10% - 7:41
Normal Defense
1 - 40% - 40% - 18:51
2 - 30% - 30% - 13:58
3 - 26% - 20% - 12:01
4 - 5% - 10% - 2:11
PP Forward
1 - 56% - 60% - 3:21
2 - 44% - 40% - 2:36
PP Defense
1 - 59% - 60% - 3:29
2 - 41% - 40% - 2:28
PK Forward
1 - 76% - 60% - 5:19
2 - 24% - 40% - 1:43
PK Defense
1 - 57% - 60% - 4:02
2 - 43% - 40% - 3:00
PK3 Forward
1 - 0% - 60%
2 - 0% - 40%
PK3 Defense
1 - 0% - 60%
2 - 0% - 40%
44 Forward
1 - 0% - 60%
2 - 0% - 40%
44 Defense
1 - 0% - 60%
2 - 0% - 40%
Last Minute Offensive - 0:00
Last Minute Defensive - 0:00
Total
Forward - 60:00
Defense - 60:00
|
Play-by-Play
1st period
0:01 of 1st period - John Tavares wins face-off versus Jonathan Toews in neutral zone.
0:06 of 1st period - Wrist shot by John Tavares.
0:06 of 1st period - Stopped by Kevin Poulin with a rebound.
0:08 of 1st period - Slapshot by Brian Lee.
0:08 of 1st period - Shot Blocked by Wojtek Wolski.
0:26 of 1st period - Jason Demers is hit by Brian Lee and loses puck.
0:32 of 1st period - Off-side.
0:33 of 1st period - Tobias Rieder wins face-off versus Casey Cizikas in neutral zone.
1:06 of 1st period - Slapshot by Tyson Barrie.
1:06 of 1st period - Stopped by Kevin Poulin without a rebound.
1:07 of 1st period - Evgeny Grachev wins face-off versus Gabriel Landeskog in Bruins zone.
1:38 of 1st period - Slapshot by Jonathan Toews.
1:38 of 1st period - Stopped by Matt Murray without a rebound.
1:39 of 1st period - Jonathan Toews wins face-off versus Cory Emmerton in Stars zone.
2:44 of 1st period - Minor Penalty to Matt Read for Hooking.
2:45 of 1st period - John Tavares wins face-off versus Zack Kassian in Bruins zone.
4:44 of 1st period - Penalty to Matt Read is over, Matt Read is back on ice.
4:54 of 1st period - Matt Read is hit by Tobias Rieder and loses puck.
5:19 of 1st period - Wrist shot by Scott Kosmachuck.
5:19 of 1st period - Stopped by Kevin Poulin with a rebound.
5:21 of 1st period - Slapshot by Boris Valabik.
5:21 of 1st period - Shot Blocked by Brendan Smith.
6:01 of 1st period - Wrist shot by Zack Kassian.
6:01 of 1st period - Shot Blocked by Boris Valabik.
6:13 of 1st period - Snap shot by Michael Grabner.
6:13 of 1st period - Stopped by Kevin Poulin with a rebound.
6:34 of 1st period - Kevin Hayes is hit by Tyson Barrie and loses puck.
6:55 of 1st period - Wrist shot by Cory Emmerton.
6:55 of 1st period - Shot Misses the Net.
7:09 of 1st period - Tyler Wotherspoon is hit by Mikael Backlund and loses puck.
7:16 of 1st period - Snap shot by Mikael Backlund.
7:16 of 1st period - Shot Misses the Net.
7:18 of 1st period - Snap shot by Taylor Beck.
7:18 of 1st period - Shot Misses the Net.
7:28 of 1st period - Tyler Wotherspoon is hit by Torey Krug and loses puck.
7:59 of 1st period - Tyson Barrie is hit by Zach Parise and loses puck.
8:45 of 1st period - Evgeny Kuznetsov is hit by Wojtek Wolski and loses puck.
9:22 of 1st period - Slapshot by Zack Kassian.
9:22 of 1st period - Shot Misses the Net.
9:46 of 1st period - Jonathan Toews is hit by Andrej Sustr and loses puck.
10:04 of 1st period - Brian Lee is hit by Alex Petrovic and loses puck.
10:28 of 1st period - Wrist shot by Evgeny Kuznetsov.
10:28 of 1st period - Deflect By Cam Atkinson.
10:28 of 1st period - Shot Misses the Net.
10:28 of 1st period - Puck is out of play.
10:29 of 1st period - Kevin Hayes wins face-off versus John Tavares in Bruins zone.
10:36 of 1st period - Michael Grabner is hit by Kevin Hayes and loses puck.
10:43 of 1st period - John Tavares is hit by Kevin Hayes and loses puck.
11:26 of 1st period - Slapshot by Jason Demers.
11:26 of 1st period - Stopped by Matt Murray with a rebound.
11:39 of 1st period - Andrej Sustr is hit by Jason Demers.
11:43 of 1st period - Snap shot by Michael Grabner.
11:43 of 1st period - Stopped by Kevin Poulin with a rebound.
12:15 of 1st period - Mikael Backlund is hit by Cory Emmerton and loses puck.
13:00 of 1st period - Tyler Wotherspoon is hit by Adam Pelech and loses puck.
15:19 of 1st period - Kevin Hayes is hit by Andrew Ladd and loses puck.
15:32 of 1st period - Slapshot by Torey Krug.
15:32 of 1st period - Shot Blocked by Boris Valabik.
16:04 of 1st period - Torey Krug is hit by Michael Grabner and loses puck.
17:50 of 1st period - Andrej Sustr is hit by Gabriel Landeskog.
18:23 of 1st period - Wrist shot by Michael Grabner.
18:23 of 1st period - Stopped by Kevin Poulin without a rebound.
18:24 of 1st period - John Tavares wins face-off versus Zack Kassian in Bruins zone.
18:33 of 1st period - Tyson Barrie is hit by Wojtek Wolski and loses puck.
18:50 of 1st period - Kevin Hayes is hit by Tyson Barrie and loses puck.
18:54 of 1st period - Icing by Gabriel Landeskog.
18:55 of 1st period - Gabriel Landeskog wins face-off versus Cam Atkinson in Bruins zone.
18:55 of 1st period - Gabriel Landeskog is hit by Cam Atkinson.
19:09 of 1st period - Wrist shot by Kevin Hayes.
19:09 of 1st period - Shot Misses the Net.
19:11 of 1st period - Wrist shot by Jason Demers.
19:11 of 1st period - Deflect By Boris Valabik.
19:11 of 1st period - Stopped by Matt Murray without a rebound.
19:12 of 1st period - Jonathan Toews wins face-off versus John Tavares in Stars zone.
19:16 of 1st period - Icing by John Tavares.
19:17 of 1st period - Michael Grabner wins face-off versus Jonathan Toews in Stars zone.
19:17 of 1st period - Michael Grabner is hit by Zack Kassian.
19:27 of 1st period - Slapshot by Jonathan Toews.
19:27 of 1st period - Shot Misses the Net.
19:45 of 1st period - Wrist shot by Kevin Hayes.
19:45 of 1st period - Stopped by Matt Murray without a rebound.
19:46 of 1st period - Evgeny Grachev wins face-off versus Kevin Hayes in Stars zone.
Goals for this period are 0 for Stars vs 0 for Bruins.
Shots for this period are 6 for Stars vs 4 for Bruins.
2nd period
0:01 of 2nd period - Jonathan Toews wins face-off versus John Tavares in neutral zone.
0:06 of 2nd period - Snap shot by Jonathan Toews.
0:06 of 2nd period - Stopped by Matt Murray with a rebound.
0:56 of 2nd period - Snap shot by Tobias Rieder.
0:56 of 2nd period - Shot Misses the Net.
1:06 of 2nd period - Jason Demers is hit by Michael Grabner and loses puck.
1:32 of 2nd period - Wojtek Wolski is hit by Scott Kosmachuck and loses puck.
1:37 of 2nd period - Wrist shot by Jonathan Drouin.
1:37 of 2nd period - Goal by Jonathan Drouin - Stars : 1 - Bruins : 0.
1:38 of 2nd period - Jonathan Toews wins face-off versus John Tavares in neutral zone.
1:55 of 2nd period - Snap shot by Guillaume Latendresse.
1:55 of 2nd period - Shot Misses the Net.
2:13 of 2nd period - Snap shot by Gabriel Landeskog.
2:13 of 2nd period - Stopped by Matt Murray with a rebound.
2:15 of 2nd period - Backhand shot by Josh Manson.
2:15 of 2nd period - Shot Misses the Net.
2:19 of 2nd period - Snap shot by Kevin Hayes.
2:19 of 2nd period - Stopped by Matt Murray without a rebound.
2:20 of 2nd period - Casey Cizikas wins face-off versus John Tavares in Stars zone.
2:30 of 2nd period - Wrist shot by Zach Parise.
2:30 of 2nd period - Shot Blocked by Guillaume Latendresse.
2:46 of 2nd period - Zack Kassian is hit by Alex Chiasson and loses puck.
3:11 of 2nd period - Snap shot by Taylor Beck.
3:11 of 2nd period - Shot Misses the Net.
3:13 of 2nd period - Wrist shot by Taylor Beck.
3:13 of 2nd period - Stopped by Matt Murray with a rebound.
3:15 of 2nd period - Slapshot by Mikael Backlund.
3:15 of 2nd period - Stopped by Matt Murray with a rebound.
3:17 of 2nd period - Snap shot by Andreas Athanasiou.
3:17 of 2nd period - Stopped by Matt Murray with a rebound.
3:21 of 2nd period - Snap shot by Mikael Backlund.
3:21 of 2nd period - Stopped by Matt Murray without a rebound.
3:22 of 2nd period - John Tavares wins face-off versus Wojtek Wolski in Stars zone.
3:22 of 2nd period - John Tavares is hit by Jonathan Toews.
3:50 of 2nd period - Kevin Hayes is hit by Boris Valabik and loses puck.
3:55 of 2nd period - Snap shot by Evgeny Grachev.
3:55 of 2nd period - Goal by Evgeny Grachev - Stars : 2 - Bruins : 0.
3:56 of 2nd period - Jonathan Toews wins face-off versus John Tavares in neutral zone.
4:11 of 2nd period - Wrist shot by Guillaume Latendresse.
4:11 of 2nd period - Deflect By Michael Grabner.
4:11 of 2nd period - Stopped by Kevin Poulin with a rebound.
4:13 of 2nd period - Slapshot by Brian Lee.
4:13 of 2nd period - Deflect By Guillaume Latendresse.
4:13 of 2nd period - Stopped by Kevin Poulin with a rebound.
5:36 of 2nd period - Snap shot by Wojtek Wolski.
5:36 of 2nd period - Shot Misses the Net.
5:38 of 2nd period - Slapshot by Josh Manson.
5:38 of 2nd period - Stopped by Matt Murray with a rebound.
5:54 of 2nd period - Snap shot by Evgeny Grachev.
5:54 of 2nd period - Stopped by Kevin Poulin with a rebound.
5:56 of 2nd period - Slapshot by Andrej Sustr.
5:56 of 2nd period - Stopped by Kevin Poulin with a rebound.
5:58 of 2nd period - Slapshot by Andrej Sustr.
5:58 of 2nd period - Deflect By Evgeny Grachev.
5:58 of 2nd period - Shot Misses the Net.
5:58 of 2nd period - Puck is out of play.
5:59 of 2nd period - John Tavares wins face-off versus Kevin Hayes in Bruins zone.
6:06 of 2nd period - Wrist shot by John Tavares.
6:06 of 2nd period - Stopped by Kevin Poulin without a rebound.
6:07 of 2nd period - Kevin Hayes wins face-off versus John Tavares in Bruins zone.
6:18 of 2nd period - Wrist shot by Guillaume Latendresse.
6:18 of 2nd period - Shot Blocked by Adam Pelech.
6:20 of 2nd period - Slapshot by Brian Lee.
6:20 of 2nd period - Shot Blocked by Alex Petrovic.
6:22 of 2nd period - Wrist shot by Michael Grabner.
6:22 of 2nd period - Shot Misses the Net.
6:44 of 2nd period - Wrist shot by John Tavares.
6:44 of 2nd period - Shot Blocked by Gabriel Landeskog.
6:46 of 2nd period - Snap shot by Guillaume Latendresse.
6:46 of 2nd period - Stopped by Kevin Poulin without a rebound.
6:47 of 2nd period - Evgeny Grachev wins face-off versus Jonathan Toews in Bruins zone.
6:58 of 2nd period - Wrist shot by Andrew Ladd.
6:58 of 2nd period - Shot Blocked by Brendan Smith.
7:00 of 2nd period - Slapshot by Tyson Barrie.
7:00 of 2nd period - Shot Misses the Net.
7:02 of 2nd period - Snap shot by Andrew Ladd.
7:02 of 2nd period - Stopped by Kevin Poulin without a rebound.
7:03 of 2nd period - Casey Cizikas wins face-off versus Evgeny Kuznetsov in Bruins zone.
7:34 of 2nd period - Wrist shot by John Tavares.
7:34 of 2nd period - Stopped by Kevin Poulin with a rebound.
8:02 of 2nd period - Off-side.
8:03 of 2nd period - Jonathan Toews wins face-off versus John Tavares in neutral zone.
8:05 of 2nd period - Minor Penalty to Torey Krug for Interference.
8:06 of 2nd period - John Tavares wins face-off versus Zack Kassian in Bruins zone.
8:08 of 2nd period - Slapshot by Michael Grabner.
8:08 of 2nd period - Shot Misses the Net.
9:27 of 2nd period - Gabriel Landeskog is hit by Michael Grabner and loses puck.
10:05 of 2nd period - Penalty to Torey Krug is over, Torey Krug is back on ice.
10:20 of 2nd period - Snap shot by Matt Read.
10:20 of 2nd period - Stopped by Matt Murray with a rebound.
10:30 of 2nd period - Slapshot by Cam Atkinson.
10:30 of 2nd period - Shot Blocked by Torey Krug.
10:37 of 2nd period - Icing by Zach Parise.
10:38 of 2nd period - Cory Emmerton wins face-off versus Mikael Backlund in Bruins zone.
10:53 of 2nd period - Snap shot by Mikael Backlund.
10:53 of 2nd period - Goal by Mikael Backlund - Stars : 2 - Bruins : 1.
10:54 of 2nd period - Jonathan Toews wins face-off versus John Tavares in neutral zone.
11:09 of 2nd period - Snap shot by Wojtek Wolski.
11:09 of 2nd period - Stopped by Matt Murray with a rebound.
11:11 of 2nd period - Slapshot by Zack Kassian.
11:11 of 2nd period - Stopped by Matt Murray without a rebound.
11:12 of 2nd period - Kevin Hayes wins face-off versus Evgeny Grachev in Stars zone.
11:25 of 2nd period - Wrist shot by Kevin Hayes.
11:25 of 2nd period - Shot Blocked by Andrew Ladd.
11:37 of 2nd period - Brian Lee is hit by Zack Kassian.
12:44 of 2nd period - Mikael Backlund is hit by Paul Ladue.
13:17 of 2nd period - Wrist shot by Mikael Backlund.
13:17 of 2nd period - Stopped by Matt Murray with a rebound.
13:29 of 2nd period - Cory Emmerton is hit by Mikael Backlund and loses puck.
13:36 of 2nd period - Snap shot by Brian Lee.
13:36 of 2nd period - Stopped by Kevin Poulin without a rebound.
13:37 of 2nd period - John Tavares wins face-off versus Jonathan Toews in Bruins zone.
13:38 of 2nd period - Snap shot by Michael Grabner.
13:38 of 2nd period - Shot Misses the Net.
13:52 of 2nd period - Wrist shot by Jonathan Toews.
13:52 of 2nd period - Stopped by Matt Murray with a rebound.
14:37 of 2nd period - Andrej Sustr is hit by Matt Read and loses puck.
15:18 of 2nd period - Slapshot by Alex Chiasson.
15:18 of 2nd period - Stopped by Kevin Poulin with a rebound.
15:20 of 2nd period - Wrist shot by Evgeny Grachev.
15:20 of 2nd period - Goal by Evgeny Grachev - Stars : 3 - Bruins : 1.
15:21 of 2nd period - Kevin Hayes wins face-off versus Guillaume Latendresse in neutral zone.
15:21 of 2nd period - Jason Demers is hit by John Tavares and loses puck.
15:44 of 2nd period - Minor Penalty to Guillaume Latendresse for Tripping.
15:45 of 2nd period - Jonathan Toews wins face-off versus John Tavares in Stars zone.
15:48 of 2nd period - Slapshot by Zack Kassian.
15:48 of 2nd period - Stopped by Matt Murray with a rebound.
17:44 of 2nd period - Penalty to Guillaume Latendresse is over, Guillaume Latendresse is back on ice.
18:14 of 2nd period - Jason Demers is hit by Alex Chiasson and loses puck.
18:25 of 2nd period - Matt Read is hit by Andrej Sustr and loses puck.
19:14 of 2nd period - Paul Ladue is hit by Josh Manson and loses puck.
19:15 of 2nd period - Paul Ladue from Stars is injured at 19:15 of 2nd period (Bruised Left Foot).
19:16 of 2nd period - Jonathan Toews wins face-off versus John Tavares in Stars zone.
19:21 of 2nd period - Wrist shot by Jonathan Toews.
19:21 of 2nd period - Goal by Jonathan Toews - Stars : 3 - Bruins : 2.
19:22 of 2nd period - Jonathan Toews wins face-off versus John Tavares in neutral zone.
19:41 of 2nd period - Wojtek Wolski is hit by Guillaume Latendresse and loses puck.
19:47 of 2nd period - Icing by Jonathan Toews.
19:48 of 2nd period - Evgeny Grachev wins face-off versus Jonathan Toews in Bruins zone.
19:55 of 2nd period - Wrist shot by Alex Chiasson.
19:55 of 2nd period - Stopped by Kevin Poulin without a rebound.
19:56 of 2nd period - Evgeny Grachev wins face-off versus Kevin Hayes in Bruins zone.
Goals for this period are 3 for Stars vs 2 for Bruins.
Shots for this period are 14 for Stars vs 16 for Bruins.
3rd period
0:01 of 3rd period - Jonathan Toews wins face-off versus Guillaume Latendresse in neutral zone.
0:03 of 3rd period - Minor Penalty to Brian Lee for Tripping.
0:04 of 3rd period - John Tavares wins face-off versus Jonathan Toews in Stars zone.
0:08 of 3rd period - Off-side.
0:09 of 3rd period - John Tavares wins face-off versus Jonathan Toews in neutral zone.
0:22 of 3rd period - Slapshot by Wojtek Wolski.
0:22 of 3rd period - Deflect By Zack Kassian.
0:22 of 3rd period - Shot Blocked by Michael Grabner.
0:22 of 3rd period - Puck is out of play.
0:23 of 3rd period - John Tavares wins face-off versus Jonathan Toews in Stars zone.
1:58 of 3rd period - Snap shot by Tyler Wotherspoon.
1:58 of 3rd period - Deflect By Gabriel Landeskog.
1:58 of 3rd period - Stopped by Kevin Poulin without a rebound.
1:59 of 3rd period - Cory Emmerton wins face-off versus Kevin Hayes in Bruins zone.
2:02 of 3rd period - Wrist shot by Cory Emmerton.
2:02 of 3rd period - Stopped by Kevin Poulin with a rebound.
2:03 of 3rd period - Penalty to Brian Lee is over, Brian Lee is back on ice.
2:24 of 3rd period - Slapshot by Tobias Rieder.
2:24 of 3rd period - Shot Misses the Net.
2:26 of 3rd period - Snap shot by Boris Valabik.
2:26 of 3rd period - Stopped by Kevin Poulin without a rebound.
2:27 of 3rd period - Jonathan Toews wins face-off versus John Tavares in Bruins zone.
2:27 of 3rd period - Jonathan Toews is hit by Michael Grabner.
3:20 of 3rd period - Tyler Wotherspoon is hit by Zach Parise and loses puck.
3:35 of 3rd period - Snap shot by Cam Atkinson.
3:35 of 3rd period - Deflect By Guillaume Latendresse.
3:35 of 3rd period - Shot Blocked by Jason Demers.
3:35 of 3rd period - Puck is out of play.
3:36 of 3rd period - Mikael Backlund wins face-off versus John Tavares in Bruins zone.
4:10 of 3rd period - Slapshot by Andreas Athanasiou.
4:10 of 3rd period - Shot Blocked by Guillaume Latendresse.
4:12 of 3rd period - Wrist shot by Taylor Beck.
4:12 of 3rd period - Shot Misses the Net.
4:16 of 3rd period - Wrist shot by Mikael Backlund.
4:16 of 3rd period - Deflect By Andreas Athanasiou.
4:16 of 3rd period - Stopped by Matt Murray with a rebound.
4:24 of 3rd period - Wrist shot by Taylor Beck.
4:24 of 3rd period - Deflect By Andreas Athanasiou.
4:24 of 3rd period - Shot Misses the Net.
4:24 of 3rd period - Puck is out of play.
4:25 of 3rd period - Jonathan Toews wins face-off versus Evgeny Grachev in Stars zone.
4:25 of 3rd period - Jonathan Toews is hit by Boris Valabik.
4:27 of 3rd period - Slapshot by Wojtek Wolski.
4:27 of 3rd period - Stopped by Matt Murray with a rebound.
4:33 of 3rd period - Snap shot by Evgeny Grachev.
4:33 of 3rd period - Shot Misses the Net.
4:35 of 3rd period - Snap shot by Brian Lee.
4:35 of 3rd period - Deflect By Andrew Ladd.
4:35 of 3rd period - Stopped by Kevin Poulin without a rebound.
4:36 of 3rd period - Jonathan Toews wins face-off versus Evgeny Grachev in Bruins zone.
5:11 of 3rd period - Snap shot by Evgeny Kuznetsov.
5:11 of 3rd period - Stopped by Kevin Poulin with a rebound.
5:43 of 3rd period - Snap shot by Evgeny Grachev.
5:43 of 3rd period - Shot Misses the Net.
5:47 of 3rd period - Slapshot by Alex Chiasson.
5:47 of 3rd period - Deflect By Evgeny Grachev.
5:47 of 3rd period - Stopped by Kevin Poulin without a rebound.
5:48 of 3rd period - Andrew Ladd wins face-off versus Jonathan Toews in Bruins zone.
6:22 of 3rd period - Slapshot by Tyler Wotherspoon.
6:22 of 3rd period - Stopped by Kevin Poulin without a rebound.
6:23 of 3rd period - Evgeny Grachev wins face-off versus Jonathan Toews in Bruins zone.
6:30 of 3rd period - Backhand shot by Zack Kassian.
6:30 of 3rd period - Shot Blocked by Brian Lee.
6:32 of 3rd period - Snap shot by Adam Pelech.
6:32 of 3rd period - Deflect By Evgeny Grachev.
6:32 of 3rd period - Stopped by Matt Murray without a rebound.
6:33 of 3rd period - Evgeny Grachev wins face-off versus Wojtek Wolski in Stars zone.
7:06 of 3rd period - Icing by Boris Valabik.
7:07 of 3rd period - Gabriel Landeskog wins face-off versus Evgeny Grachev in Stars zone.
7:17 of 3rd period - Minor Penalty to Boris Valabik for Hooking.
7:18 of 3rd period - Jonathan Toews wins face-off versus John Tavares in Stars zone.
9:17 of 3rd period - Penalty to Boris Valabik is over, Boris Valabik is back on ice.
9:20 of 3rd period - Tyler Wotherspoon is hit by Andreas Athanasiou.
9:40 of 3rd period - Off-side.
9:41 of 3rd period - Evgeny Kuznetsov wins face-off versus Taylor Beck in neutral zone.
9:59 of 3rd period - Minor Penalty to Mikael Backlund for Interference.
10:00 of 3rd period - John Tavares wins face-off versus Zack Kassian in Bruins zone.
10:04 of 3rd period - Backhand shot by John Tavares.
10:04 of 3rd period - Shot Misses the Net.
10:06 of 3rd period - Backhand shot by John Tavares.
10:06 of 3rd period - Stopped by Kevin Poulin without a rebound.
10:07 of 3rd period - Zack Kassian wins face-off versus John Tavares in Bruins zone.
10:15 of 3rd period - Off-side.
10:16 of 3rd period - Zack Kassian wins face-off versus John Tavares in neutral zone.
10:27 of 3rd period - Backhand shot by Zack Kassian.
10:27 of 3rd period - Shot Misses the Net.
10:51 of 3rd period - Wrist shot by Evgeny Grachev.
10:51 of 3rd period - Shot Blocked by Jason Demers.
11:00 of 3rd period - Off-side.
11:01 of 3rd period - Evgeny Grachev wins face-off versus Zack Kassian in neutral zone.
11:23 of 3rd period - Snap shot by Gabriel Landeskog.
11:23 of 3rd period - Shot Blocked by Brian Lee.
11:59 of 3rd period - Penalty to Mikael Backlund is over, Mikael Backlund is back on ice.
12:12 of 3rd period - Slapshot by Brian Lee.
12:12 of 3rd period - Shot Blocked by Mikael Backlund.
12:14 of 3rd period - Snap shot by Jonathan Drouin.
12:14 of 3rd period - Shot Misses the Net.
12:16 of 3rd period - Snap shot by Jonathan Drouin.
12:16 of 3rd period - Stopped by Kevin Poulin without a rebound.
12:17 of 3rd period - Andreas Athanasiou wins face-off versus Evgeny Grachev in Bruins zone.
12:17 of 3rd period - Andreas Athanasiou is hit by Andrew Ladd.
12:26 of 3rd period - Minor Penalty to Adam Pelech for Roughing.
12:27 of 3rd period - Zack Kassian wins face-off versus John Tavares in Bruins zone.
12:42 of 3rd period - Off-side.
12:43 of 3rd period - John Tavares wins face-off versus Zack Kassian in neutral zone.
12:48 of 3rd period - Wrist shot by Brian Lee.
12:48 of 3rd period - Shot Blocked by Brendan Smith.
12:50 of 3rd period - Slapshot by Guillaume Latendresse.
12:50 of 3rd period - Stopped by Kevin Poulin without a rebound.
12:51 of 3rd period - Guillaume Latendresse wins face-off versus Zack Kassian in Bruins zone.
12:54 of 3rd period - Snap shot by Michael Grabner.
12:54 of 3rd period - Goal by Michael Grabner - Stars : 4 - Bruins : 2.
12:55 of 3rd period - Jonathan Toews wins face-off versus John Tavares in neutral zone.
13:12 of 3rd period - Snap shot by Zack Kassian.
13:12 of 3rd period - Shot Misses the Net.
13:27 of 3rd period - Snap shot by Evgeny Grachev.
13:27 of 3rd period - Stopped by Kevin Poulin without a rebound.
13:28 of 3rd period - Evgeny Grachev wins face-off versus Gabriel Landeskog in Bruins zone.
13:38 of 3rd period - Off-side.
13:39 of 3rd period - John Tavares wins face-off versus Jonathan Toews in neutral zone.
13:42 of 3rd period - Zack Kassian is hit by Guillaume Latendresse and loses puck.
13:51 of 3rd period - Backhand shot by Wojtek Wolski.
13:51 of 3rd period - Goal by Wojtek Wolski - Stars : 4 - Bruins : 3.
13:52 of 3rd period - Jonathan Toews wins face-off versus John Tavares in neutral zone.
13:55 of 3rd period - John Tavares is hit by Jason Demers and loses puck.
14:29 of 3rd period - Wrist shot by Victor Oreskovich.
14:29 of 3rd period - Stopped by Matt Murray without a rebound.
14:30 of 3rd period - Jonathan Toews wins face-off versus John Tavares in Stars zone.
15:02 of 3rd period - Gabriel Landeskog is hit by Andrew Ladd and loses puck.
15:28 of 3rd period - Casey Cizikas is hit by Tobias Rieder and loses puck.
15:41 of 3rd period - Evgeny Kuznetsov is hit by Kevin Hayes and loses puck.
15:52 of 3rd period - Snap shot by Cam Atkinson.
15:52 of 3rd period - Stopped by Kevin Poulin without a rebound.
15:53 of 3rd period - Jonathan Toews wins face-off versus John Tavares in Bruins zone.
16:08 of 3rd period - Wrist shot by John Tavares.
16:08 of 3rd period - Stopped by Kevin Poulin with a rebound.
16:25 of 3rd period - Snap shot by Evgeny Grachev.
16:25 of 3rd period - Stopped by Kevin Poulin without a rebound.
16:26 of 3rd period - Casey Cizikas wins face-off versus Evgeny Grachev in Bruins zone.
16:42 of 3rd period - Minor Penalty to Matt Read for Hooking.
16:43 of 3rd period - Zack Kassian wins face-off versus John Tavares in Bruins zone.
17:17 of 3rd period - Snap shot by Alex Chiasson.
17:17 of 3rd period - Shot Blocked by Jonathan Toews.
17:19 of 3rd period - Snap shot by Andrew Ladd.
17:19 of 3rd period - Goal by Andrew Ladd - Stars : 5 - Bruins : 3.
17:20 of 3rd period - Evgeny Kuznetsov wins face-off versus Casey Cizikas in neutral zone.
17:23 of 3rd period - Slapshot by Brian Lee.
17:23 of 3rd period - Stopped by Kevin Poulin without a rebound.
17:24 of 3rd period - Evgeny Kuznetsov wins face-off versus Casey Cizikas in Bruins zone.
17:25 of 3rd period - Wrist shot by Cam Atkinson.
17:25 of 3rd period - Shot Blocked by Brendan Smith.
17:41 of 3rd period - Wrist shot by Tobias Rieder.
17:41 of 3rd period - Stopped by Kevin Poulin without a rebound.
17:42 of 3rd period - John Tavares wins face-off versus Jonathan Toews in Bruins zone.
18:09 of 3rd period - Boris Valabik is hit by Gabriel Landeskog.
18:17 of 3rd period - Snap shot by Cam Atkinson.
18:17 of 3rd period - Stopped by Kevin Poulin with a rebound.
18:37 of 3rd period - Zack Kassian is hit by Andrew Ladd and loses puck.
Goals for this period are 2 for Stars vs 1 for Bruins.
Shots for this period are 19 for Stars vs 5 for Bruins.